 Dungeon Crawl Stone Soup version 0.31.0-32-g396128a36d (webtiles) character file.

Game seed: 7332082260718466812

1360 Doomgape the Ruffian (level 8, -1/71 HPs)
             Began as a Troll Fighter on Mar 17, 2024.
             Was a Believer of Hepliaklqana.
             Slain by a gnoll
             ... wielding a +0 spear
             ... led by a gnoll sergeant
              (5 damage)
             ... on level 7 of the Dungeon.
             The game lasted 00:11:06 (4470 turns).

Doomgape the Ruffian (Troll Fighter)                Turns: 4470, Time: 00:11:07

Health: -1/71      AC:  4    Str: 27    XL:     8   Next: 37%
Magic:  7/7        EV:  9    Int:  4    God:    Hepliaklqana [**....]
Gold:   951        SH:  8    Dex:  9    Spells: 7/7 levels left

rFire   . .          .
                       - Unarmed
rCold   . . .        b - +0 kite shield
rNeg    . . .        a - +0 robe
rPois   .            (helmet restricted)
rElec   .            (no cloak)
rCorr   .            (gloves unavailable)
SInv    .            (boots unavailable)
Will    .....        (no amulet)
Stlth   +            (no ring)
HPRegen 1.11/turn    (no ring)
MPRegen 0.10/turn

%: no passive effects
@: hasted, very quick
A: reduced essence, large, unfitting armour, claws 3, regeneration 1, shaggy fur
1, tough skin 1
a: Renounce Religion, Ancestor Life: Knight, Ancestor Life: Battlemage, Ancestor
Life: Hexer, Recall Ancestor, Ancestor Identity


You were on level 7 of the Dungeon.
You worshipped Hepliaklqana.
Hepliaklqana was pleased with you.
You visited 1 branch of the dungeon, and saw 7 of its levels.

You collected 951 gold pieces.

Inventory:

Missiles
 r - a throwing net (quivered)
Armour
 a - a +0 robe (worn)
 b - a +0 kite shield (worn)
Jewellery
 c - an amulet of regeneration
 f - a +6 ring of intelligence
 m - a ring of see invisible
 t - a ring of magical power
Wands
 n - a wand of digging (10)
 s - a wand of paralysis (9)
 u - a wand of polymorph (5)
Scrolls
 d - 8 scrolls of identify
 e - 4 scrolls of enchant armour
 k - 3 scrolls of teleportation
 o - a scroll of summoning
 q - 2 scrolls of vulnerability
 v - a scroll of amnesia
 w - a scroll of enchant weapon {unknown}
Potions
 g - a potion of haste
 h - a potion of lignification {unknown}
 i - 4 potions of curing {unknown}
 j - a potion of heal wounds {unknown}
 l - 3 potions of enlightenment {unknown}
 p - a potion of brilliance {unknown}


   Skills:
 + Level 4.9 Fighting
 + Level 4.8 Dodging
 + Level 5.4 Shields
 + Level 5.5 Unarmed Combat


You had 7 spell levels left.
You didn't know any spells.
Your spell library contained the following spells:

 Spells                   Type           Power      Damage    Failure   Level
 Apportation              Tloc           0%         N/A       73%         1
 Necrotise                Necr           0%         1d4       73%         1
 Summon Small Mammal      Summ           0%         N/A       73%         1
 Jinxbite                 Hex            0%         N/A       86%         2
 Call Canine Familiar     Summ           0%         N/A       97%         3
 Sigil of Binding         Hex            0%         N/A       97%         3
 Summon Ice Beast         Ice/Summ       0%         N/A       97%         3
 Vampiric Draining        Necr           0%         2d6       97%         3
 Dimensional Bullseye     Hex/Tloc       0%         N/A       100%        4
 Martyr's Knell           Necr/Summ      0%         N/A       100%        4
 Summon Blazeheart Golem  Fire/Summ      0%         N/A       100%        4
 Alistair's Intoxication  Alch           0%         N/A       100%        5
 Curse of Agony           Necr           0%         N/A       100%        5
 Summon Mana Viper        Hex/Summ       0%         N/A       100%        5
 Monstrous Menagerie      Summ           0%         N/A       100%        7


Dungeon Overview and Level Annotations

Branches:
Dungeon (7/15)             Temple (0/1) D:6

Altars:
Cheibriados
Fedhas
Gozag
Hepliaklqana
Nemelex Xobeh
Vehumet

Shops:
D:1 ?


Innate Abilities, Weirdness & Mutations

Your life essence is reduced to manifest your ancestor. (-10% HP)
You are too large for most types of armour.
You have claws for hands.
Your natural rate of healing is unusually fast.
You are covered in fur. (AC +1)
You have tough skin. (AC +1)


Message History

The gnoll hits you with a +0 club. The gnoll sergeant barely misses you.
Unknown command.
You claw the gnoll!
You kill the gnoll!
The bullfrog hits you.
Lucia hits the gnoll.
The gnoll barely misses you. You block the gnoll's attack.
The gnoll hits you with a +0 flail! You block the gnoll sergeant's attack.
You block the bullfrog's attack.
Unknown command.
You mangle the bullfrog!!
The bullfrog is almost dead.
Lucia hits the gnoll.
The bullfrog hits you. You block the gnoll's attack.
The gnoll barely misses you. You block the gnoll's attack.
The gnoll hits you with a +0 club.
The gnoll sergeant hits you from afar with a +5 trident of protection!
* * * LOW HITPOINT WARNING * * *
You barely miss the bullfrog.
The bullfrog is almost dead.
You block the bullfrog's attack.
Lucia hits the gnoll.
The gnoll closely misses you. You block the gnoll's attack.
The gnoll hits Lucia with a +0 flail!
The gnoll hits you with a +0 club.
* * * LOW HITPOINT WARNING * * *
The gnoll sergeant hits you from afar with a +5 trident of protection!
* * * LOW HITPOINT WARNING * * *
You block the bullfrog's attack.
Unknown command.
Lucia closely misses the gnoll.
The gnoll attacks as it pursues you! The gnoll hits you but does no damage.
The gnoll attacks as it pursues you! The gnoll barely misses you.
The gnoll misses Lucia.
The gnoll hits Lucia with a +0 club.
Lucia hits the gnoll.
The gnoll dies!
The gnoll attacks as it pursues you! You block the gnoll's attack.
The gnoll barely misses Lucia.
The bullfrog closely misses you. The gnoll attacks as it pursues you!
The gnoll hits you from afar with a +0 halberd!
* * * LOW HITPOINT WARNING * * *
It was a potion of haste.
You feel yourself speed up. You block the bullfrog's attack.
The gnoll hits you from afar with a +0 spear.
You die...

.## #........# .##
####'##.<### ..#
#.....#..# ..# #.....'..#
..# #########
####(....#..### #.#
#.......# ##..............
..#
#.......###..##...........
#..
........##..###...........
. .......gF@.##
#........... #
.......gR### #........#..
.......g.#######+####.##+#
.......g)##...............
.........##.....#######%..
.........##.....'..# #...
.........##.....##.# #...
#........######.##.# ##'#
#####+##.# #.##.# #.#


You could see the friendly Lucia the ancestor, a gnoll sergeant, a bullfrog
(ally target) and 3 gnolls.

Vanquished Creatures
  A wyvern (D:7)
  Edmund (D:4)
  An ice beast (D:5)
  An ogre (D:4)
  A centaur (D:6)
  2 bullfrogs (D:7)
  A scorpion (D:6)
  3 howler monkeys (D:7)
  A hound (D:5)
  2 orc priests (D:4)
  3 jellies
  An orc wizard (D:6)
  8 gnolls
  3 adders
  2 ufetubi (D:7)
  2 dart slugs
  4 ribbon worms
  21 orcs
  8 ball pythons
  5 bats
  9 endoplasms
  3 giant cockroaches
  7 goblins
  12 hobgoblins
  7 kobolds
  4 quokkas
  3 frilled lizards
  4 rats
120 creatures vanquished.

Vanquished Creatures (collateral kills)
  A jelly (D:5)
  An orc priest (D:6)
  A gnoll (D:7)
  An orc (D:6)
4 creatures vanquished.

Grand Total: 124 creatures vanquished

Notes
Turn   | Place    | Note
-------+----------+-------------------------------------------
     0 | D:1      | Doomgape the Troll Fighter began the quest for the Orb.
     0 | D:1      | Reached XP level 1. HP: 22/22 MP: 0/0
    88 | D:1      | Found a faded altar of an unknown god.
    92 | D:1      | Reached XP level 2. HP: 29/29 MP: 1/1
   116 | D:1      | Found Wuoxt's Magic Scroll Shoppe.
   581 | D:1      | Reached XP level 3. HP: 36/36 MP: 2/2
   586 | D:1      | Identified a scroll of acquirement
   586 | D:1      | Acquired 595 gold pieces
  1089 | D:2      | Reached XP level 4. HP: 44/44 MP: 3/3
  1370 | D:3      | Reached XP level 5. HP: 45/53 MP: 4/4
  1494 | D:3      | Identified the +2 orcbow of Painful Death {heavy, rF- Str+3
                  | Dex+3}
  1710 | D:3      | Found an opulent altar of Gozag.
  2093 | D:3      | Found a sparkling altar of Nemelex Xobeh.
  2266 | D:4      | Noticed an ogre
  2276 | D:4      | Killed an ogre
  2277 | D:4      | Reached XP level 6. HP: 61/61 MP: 5/5
  2309 | D:4      | Found a hazy altar of Hepliaklqana.
  2309 | D:4      | Noticed Edmund
  2320 | D:4      | Killed Edmund
  2338 | D:4      | Became a worshipper of Hepliaklqana the Forgotten
  2906 | D:5      | Entered Level 5 of the Dungeon
  2971 | D:5      | Noticed an ice beast
  2989 | D:5      | Killed an ice beast
  2990 | D:5      | Reached XP level 7. HP: 37/68 MP: 6/6
  3152 | D:5      | Reached * piety under Hepliaklqana
  3331 | D:5      | Found a blossoming altar of Fedhas.
  3333 | D:5      | Found a snail-covered altar of Cheibriados.
  3666 | D:6      | Found a staircase to the Ecumenical Temple.
  3967 | D:6      | Found a radiant altar of Vehumet.
  4043 | D:7      | Reached ** piety under Hepliaklqana
  4081 | D:7      | Reached skill level 5 in Shields
  4081 | D:7      | Reached skill level 5 in Unarmed Combat
  4081 | D:7      | Reached XP level 8. HP: 63/71 MP: 7/7
  4469 | D:7      | HP: 3/71 [gnoll/+0 halberd[a gnoll sergeant] (8)]
  4470 | D:7      | Slain by a gnoll

Illustrated notes

Levels and vault maps discovered:
D:1:      spicycebolla_arrival_xxxplode, layout_basic, serial_shops,
          nicolae_shop_waterfront, ebering_ecumenical_altar_rust,
          minmay_fountain_box
D:2:      layout_rooms
D:3:      layout_basic, nicolae_gozag_cash_rules_everything_around_me,
          nemelex_dance_club_becter
D:4:      layout_loops_ring, mainiacjoe_overflow_six_doors_small, uniq_edmund
D:5:      layout_gridville, minitemple, kennysheep_decorative_pillar,
          chequers_serial_rivers_small_3
D:6:      layout_rooms, overflow_temple_1_default,
          minmay_temple_entry_stoned_glass, hangedman_decor_peaks_small
D:7:      layout_basic, kennysheep_mini_moat

Skill      XL: |  1  2  3  4  5  6  7 |
---------------+----------------------+-----
Shields        | 3 4 5 |  5.4
Fighting       | 3 4 |  4.9
Unarmed Combat | 3 4 5 |  5.5
Dodging        | 3 4 |  4.8

Action                     |  1- 3 |  4- 6 |  7- 9 || total
---------------------------+-------+-------+-------++-------
  Melee: Unarmed           |    96 |   162 |    87 ||   345
    Use: Scroll            |     6 |     2 |     1 ||     9
         Potion            |       |     1 |     1 ||     2
   Stab: Sleeping          |     1 |       |       ||     1
         Distracted        |       |       |     1 ||     1
 Armour: Robe              |    41 |    71 |    76 ||   188
  Dodge: Dodged            |    28 |    38 |    46 ||   112
  Block: Kite shield       |    32 |    49 |    61 ||   142
